AoeStats
← RDA Ronan

African Clearing

505750078Analyzed
4v4 RM · 21d ago on Sep 10, 2026· 63m 22s· 8 players
Game mode
Random Map
Map size
Large (8 player)
Population
200
Speed
Normal
Resources
Standard
Victory
Conquest
Starting age
Dark Age
Ending age
Imperial Age
RankedLock teamsTeams togetherTeam positionsShared explorationLock speedFull tech treeHidden civsTurbo modeCheats
Victory
Defeat
🇦🇷 Wei · Argentina
1262
+13
🇦🇷 Hindustanis · Argentina
1247
+14
🇦🇷 Malay · Argentina
1213
+15
🇦🇷 Berbers · Argentina
1200
+16
🇧🇷 Huns · Brazil
1585
-27
🇧🇷 Inca · Brazil
1261
-17
🇧🇷 Mongols · Brazil
1049
-9
🇧🇷 Britons · Brazil
891
-6
Soldado Raso
4:50 Loom
12:05 Feudal Age
14:27 Double-Bit Axe
17:48 Fletching
22:01 Padded Archer Armor
24:55 Castle Age
25:02 Crossbowman
25:40 Bodkin Arrow
26:01 Leather Archer Armor
26:16 Bow Saw
29:53 Ballistics
34:33 Wheelbarrow
40:10 Imperial Age
40:16 Arbalester
41:31 Bracer
50:23 Hand Cart
56:34 Ring Archer Armor
[KMNB] RAGNAR
4:04 Loom
14:51 Feudal Age
14:59 Feudal Age
22:32 Castle Age
20:28 Double-Bit Axe
20:24 Horse Collar
22:17 Gold Mining
21:58 Champi Runner
22:24 Arson
23:15 Forging
23:06 Scale Mail Armor
22:51 Champi Warrior
23:32 Squires
22:59 Pikeman
23:58 Heavy Plow
28:15 Bow Saw
30:07 Chain Mail Armor
33:53 Iron Casting
34:40 Wheelbarrow
33:56 Town Watch
36:30 Hand Cart
38:03 Stone Mining
40:15 Town Patrol
49:38 Imperial Age
49:47 Halberdier
49:48 Elite Champi Warrior
51:40 Blast Furnace
51:11 Plate Mail Armor
54:17 Ballistics
54:58 Chemistry
53:54 Murder Holes
54:12 Fortified Wall
Nbzinho
6:48 Loom
14:24 Feudal Age
19:43 Castle Age
19:16 Horse Collar
19:23 Double-Bit Axe
21:00 Bow Saw
22:51 Gold Mining
23:21 Scale Barding Armor
23:45 Bloodlines
23:37 Husbandry
26:44 Stone Mining
31:02 Chain Barding Armor
32:22 Wheelbarrow
33:18 Heavy Plow
34:56 Forging
36:04 Hand Cart
38:04 Gold Shaft Mining
38:04 Stone Shaft Mining
41:16 Imperial Age
40:59 Iron Casting
41:39 Heavy Camel Rider
43:23 Blast Furnace
47:40 Elite Mangudai
48:17 Fletching
Fs.Khronos
6:47 Loom
12:11 Feudal Age
12:47 Double-Bit Axe
15:28 Fletching
22:18 Castle Age
20:49 Padded Archer Armor
23:07 Bodkin Arrow
24:28 Wheelbarrow
24:04 Bow Saw
23:36 Horse Collar
24:55 Leather Archer Armor
28:16 Ballistics
31:10 Husbandry
31:10 Town Watch
32:20 Bloodlines
40:33 Imperial Age
38:41 Hand Cart
38:26 Town Patrol
38:51 Thumb Ring
41:19 Bracer
42:20 Chemistry
41:29 Heavy Cavalry Archer
42:34 Parthian Tactics
42:42 Coinage
43:13 Two-Man Saw
42:14 Heavy Plow
45:10 Capped Ram
47:46 Siege Ram
RDA | Damiii el TORO
3:17 Loom
13:56 Feudal Age
13:55 Double-Bit Axe
16:45 Fishing Lines
20:56 Castle Age
21:39 Bow Saw
21:29 Gillnets
23:07 Bow Saw
23:36 Wheelbarrow
23:32 Scale Barding Armor
25:12 Horse Collar
26:00 Husbandry
26:31 Forging
27:04 Horse Collar
28:03 Town Watch
31:44 Guard Tower
31:59 Fletching
32:49 Padded Archer Armor
33:11 Bodkin Arrow
35:56 Leather Archer Armor
41:13 Ballistics
43:16 Iron Casting
45:17 Masonry
49:15 Treadmill Crane
52:41 Imperial Age
50:30 Hand Cart
50:51 Gold Mining
50:53 Stone Mining
51:46 Murder Holes
52:38 Conscription
52:48 Elite Genitour
54:25 Gold Shaft Mining
54:10 Pikeman
56:38 Blast Furnace
55:51 Halberdier
56:32 Squires
57:56 Arson
58:13 Bracer
58:44 Ring Archer Armor
58:20 Heavy Plow
58:51 Town Patrol
58:46 Man-at-Arms
59:32 Thalassocracy
61:21 Crop Rotation
61:50 Elite Battle Elephant
62:02 Long Swordsman
62:54 Forced Levy
62:27 Spies/Treason
XEVER | Masa!
10:23 Loom
10:39 Loom
12:52 Feudal Age
15:12 Double-Bit Axe
18:12 Castle Age
17:56 Scale Barding Armor
18:36 Bloodlines
19:08 Husbandry
21:19 Horse Collar
24:28 Chain Barding Armor
25:38 Wheelbarrow
26:43 Forging
28:23 Town Watch
28:58 Hand Cart
29:03 Bow Saw
29:08 Heavy Plow
30:37 Iron Casting
31:27 Gold Mining
31:28 Stone Mining
38:01 Imperial Age
36:23 Gold Shaft Mining
36:24 Stone Shaft Mining
36:32 Scale Mail Armor
37:28 Chain Mail Armor
37:22 Light Cavalry
38:06 Elite Ghulam
39:06 Conscription
39:07 Grand Trunk Road
40:54 Blast Furnace
40:58 Plate Barding Armor
41:38 Hussar
42:16 Fletching
54:48 Squires
54:08 Pikeman
Cheonma
12:06 Feudal Age
10:25 Loom
17:06 Castle Age
15:24 Double-Bit Axe
18:23 Horse Collar
27:49 Pikeman
28:30 Squires
29:40 Scale Barding Armor
30:43 Loom
31:33 Wheelbarrow
33:11 Fletching
35:34 Hand Cart
36:42 Bodkin Arrow
36:58 Forging
37:09 Gold Mining
37:09 Stone Mining
37:33 Padded Archer Armor
37:41 Heavy Plow
38:01 Bloodlines
37:51 Husbandry
40:21 Ballistics
40:48 Chain Barding Armor
41:04 Iron Casting
41:51 Leather Archer Armor
44:34 Imperial Age
43:21 Bow Saw
43:51 Thumb Ring
46:52 Bracer
47:32 Conscription
46:55 Heavy Hei Guang Cavalry
48:56 Stone Shaft Mining
48:56 Gold Shaft Mining
49:14 Parthian Tactics
49:11 Town Watch
50:01 Ming Guang Armor
52:03 Ring Archer Armor
52:33 Blast Furnace
52:14 Elite Tiger Cavalry
54:09 Chemistry
60:37 Scale Mail Armor
60:51 Masonry
60:31 Heated Shot
60:51 Fortified Wall
60:43 Tuntian
61:23 Theocracy
61:43 Crossbowman
61:43 Elite Skirmisher
61:45 Elite Genitour
62:26 Spies/Treason
RDA Ronan
4:20 Loom
13:17 Feudal Age
14:12 Town Watch
17:07 Castle Age
16:22 Double-Bit Axe
19:00 Bow Saw
19:34 Wheelbarrow
24:08 Gold Mining
26:19 Horse Collar
26:36 Stone Mining
28:57 Bloodlines
29:18 Hand Cart
29:05 Fletching
30:07 Bodkin Arrow
31:35 Padded Archer Armor
31:42 Thumb Ring
31:51 Bloodlines
32:20 Gold Shaft Mining
33:56 Town Patrol
34:08 Heavy Plow
35:04 Leather Archer Armor
35:00 Husbandry
35:40 Ballistics
40:39 Imperial Age
38:56 Kasbah
43:24 Chemistry
43:05 Conscription
43:44 Bracer
44:15 Ring Archer Armor
44:53 Elite Camel Archer
47:27 Coinage
48:54 Stone Shaft Mining
49:00 Banking
48:54 Heavy Camel Rider
50:21 Scale Barding Armor
51:28 Chain Barding Armor
52:58 Maghrebi Camels
54:59 Plate Barding Armor
55:21 Light Cavalry
56:39 Crop Rotation
56:53 Forging
57:56 Hussar
60:13 Spies/Treason
63:22 Capped Ram
Connection lost

Rejoining the realm…

Still unreachable

The connection could not be restored.

Session expired

The server has moved on; the page needs a fresh start.